 Dungeon Crawl Stone Soup version 0.27.1-37-g7b29ead8ac (console) character file.

Game seed: 7306940189507829935

2741 grimtooth the Cleaver (level 9, 0/73 HPs)
             Began as a Palentonga Abyssal Knight on May 8, 2023.
             Was a Priest of Lugonu.
             Succumbed to a killer bee's poison
             ... on level 7 of the Dungeon on May 9, 2023.
             The game lasted 00:46:55 (13811 turns).

grimtooth the Cleaver (Palentonga Abyssal Knight)  Turns: 13811, Time: 00:46:56

Health: 0/73       AC:  7    Str: 18    XL:     9   Next: 40%
Magic:  13/13      EV:  9    Int: 12    God:    Lugonu [***...]
Gold:   347        SH:  0    Dex: 11    Spells: 8/8 levels left

rFire    . . .     SeeInvis +   b - +0 war axe (flame)
rCold    . . .     Faith    .   (no shield)
rNeg     . . .     Spirit   .   c - +0 leather armour {Will+}
rPois    .         Reflect  .   v - +1 helmet
rElec    .         Harm     .   g - +0 cloak
rCorr    .         Rampage  .   (no gloves)
Will     +....                  (no barding)
Stlth    +.........             (no amulet)
HPRegen  0.22/turn              (no ring)
MPRegen  0.13/turn              (no ring)

@: lethally poisoned (0 -> -3), on berserk cooldown, slowed, very slow
A: large, rugged brown scales 3, see invisible, deformed body, roll 1, armoured
tail, reflexive curl, mutation resistance 1
a: Rolling Charge, Renounce Religion, Depart the Abyss, Bend Space, Banish


You were on level 7 of the Dungeon.
You worshipped Lugonu.
Lugonu was most pleased with you.
You visited 1 branch of the dungeon, and saw 7 of its levels.
You visited the Abyss 1 time.

You collected 347 gold pieces.

Inventory:

Hand Weapons
 a - a +1 hand axe
 b - a +0 war axe of flaming (weapon)
 f - a +1 spear of freezing
 y - a +3 dagger
Missiles
 i - 44 stones
 j - a curare-tipped dart
 r - 12 boomerangs
 t - 25 poisoned darts (quivered)
 u - 16 sling bullets
Armour
 c - a +0 leather armour of willpower (worn)
 g - a +0 cloak (worn)
 v - a +1 helmet (worn)
Magical Staves
 n - a staff of fire
 p - a staff of air
 x - a staff of conjuration
Jewellery
 B - a +6 ring of intelligence
Scrolls
 e - 4 scrolls of amnesia
 h - a scroll of fog {unknown}
 l - 3 scrolls of immolation
 q - 3 scrolls of teleportation {unknown}
 s - 3 scrolls of enchant weapon
 z - a scroll of holy word {unknown}
 A - a scroll of acquirement {unknown}
 C - a scroll of vulnerability {unknown}
 D - 2 scrolls of enchant armour
Potions
 d - a potion of mutation
 k - 2 potions of brilliance
 m - a potion of flight
 o - a potion of lignification
 w - a potion of attraction


   Skills:
 - Level 6.0 Fighting
 + Level 10.8 Axes
 - Level 1.5 Armour
 - Level 0.7 Dodging
 - Level 6.0 Invocations


You had 8 spell levels left.
You didn't know any spells.
Your spell library contained the following spells:

 Spells                   Type           Power      Damage    Failure   Level
 Magic Dart               Conj           0%         1d3       36%         1
 Blink                    Tloc           N/A        N/A       52%         2
 Corpse Rot               Necr/Air       N/A        N/A       52%         2
 Poisonous Vapours        Pois/Air       0%         N/A       52%         2
 Searing Ray              Conj           0%         3d3       52%         2
 Slow                     Hex            0%         N/A       52%         2
 Confusing Touch          Hex            0%         N/A       75%         3
 Vampiric Draining        Necr           0%         2d6       75%         3
 Fulminant Prism          Conj/Hex       0%         3d6       98%         4
 Freezing Cloud           Conj/Ice/Air   0%         6-21      100%        5
 Manifold Assault         Tloc           0%         N/A       100%        5
 Storm Form               Tmut/Air       0%         N/A       100%        7


Dungeon Overview and Level Annotations

Branches:
Dungeon (7/15)             Temple (0/1) D:4

Altars:
Cheibriados
Hepliaklqana
Kikubaaqudgha
Makhleb
Okawaru
Qazlal
Trog
Vehumet
Yredelemnul

Shops:
D:6 :

Annotations:
D:6 corrupted


Innate Abilities, Weirdness & Mutations

You are completely covered in rugged brown scales. (AC +3, +7% HP)
You have supernaturally acute eyesight. (SInv)
Armour fits poorly on your strangely shaped body.
You can roll at nearby foes to attack.
You have a long armoured tail.
You curl defensively after being hit.
You are somewhat resistant to further mutation.


Message History

You miss the killer bee.
The killer bee is heavily wounded.
You closely miss the killer bee. You barely miss the killer bee.
You feel sick. The killer bee barely misses you.
The killer bee stings you but does no damage.
The killer bee stings you.
* * * LOW HITPOINT WARNING * * *
You slash the killer bee! You burn the killer bee.
You kill the killer bee!
Lugonu accepts your kill.
You barely miss the killer bee. You miss the killer bee.
* * * LOW HITPOINT WARNING * * *
You feel sick. The killer bee completely misses you. The killer bee stings you.
* * * LOW HITPOINT WARNING * * *
The killer bee closely misses you.
You slice the killer bee!! You burn the killer bee.
You kill the killer bee!
Lugonu accepts your kill.
You miss the killer bee.
* * * LOW HITPOINT WARNING * * *
You feel sick.
The killer bee stings you but does no damage.
The killer bee completely misses you.
You slash the killer bee! You burn the killer bee!
You kill the killer bee!
Lugonu accepts your kill.
* * * LOW HITPOINT WARNING * * *
You feel sick.
* * * LOW HITPOINT WARNING * * *
You feel sick.
You slam the door shut with a bang!
You feel a strong urge to attack something.
* * * LOW HITPOINT WARNING * * *
You feel sick.
* * * LOW HITPOINT WARNING * * *
You feel sick.
You feel your anger nearly subside.
You are no longer berserk.
You are exhausted.
You feel yourself slow down.
You die...

..............#...#........
..............#...#........
..............#...+.....>..
####+##..###+###...#........
#.##.##..###..#######.......
#..............# #.......
.....#..............#
#.......
.....##...####'###.##
###.......
......#...####.### #
#.........
......#..........#
#.........
......#.........@#
#.........
......#.....##...#
#.........
......#.....##...#
#.........
....).#.....###+##
########..
............#.††.# #..
...≈§.......#....# #..
.§≈≈≈.......#....# #..
..._§.......#.(..###+### #..
...§§..######.......[... #..
.§.§.≈.................. #..
..............)......... #..


There were no monsters in sight!

Vanquished Creatures
  A two-headed ogre (D:7)
  A komodo dragon (D:5)
  A steam dragon (D:6)
  2 water moccasins
  An orc warrior (D:5)
  A hornet zombie (D:5)
  A phantom (D:6)
  A gnoll sergeant (D:5)
  2 scorpions (D:6)
  A water moccasin skeleton (D:4)
  3 killer bees (D:7)
  2 howler monkeys
  A bullfrog zombie (D:7)
  4 hounds
  A centaur zombie (D:6)
  2 orc priests
  Crazy Yiuf (D:5)
  A centaur skeleton (D:5)
  3 iguanas
  2 orc wizards
  Robin (D:2)
  22 gnolls
  2 adders
  2 white imps (D:6)
  An ufetubus (D:6)
  A worm (D:5)
  4 dart slugs
  30 orcs
  10 endoplasms
  7 giant cockroaches
  10 goblins
  7 hobgoblins
  20 jackals
  5 kobolds
  2 quokkas
  8 ball pythons
  4 bats
  4 frilled lizards
  7 rats
179 creatures vanquished.

Vanquished Creatures (others)
  An ogre (D:6)
  7 orcs (D:6)
  3 plants (D:5)
11 creatures vanquished.

Grand Total: 190 creatures vanquished

Notes
Turn   | Place    | Note
-------+----------+-------------------------------------------
     0 | Abyss:1  | grimtooth the Palentonga Abyssal Knight began the quest for
                  | the Orb.
     0 | Abyss:1  | Reached XP level 1. HP: 19/19 MP: 2/2
    53 | Abyss:1  | Noticed a hellephant
    56 | Abyss:1  | Noticed a starcursed mass
    59 | D:1      | Escaped the Abyss
   122 | D:1      | You fall into a shaft and drop 1 floor!
   136 | D:2      | Found a faded altar of an unknown god.
   154 | D:2      | Reached * piety under Lugonu
   355 | D:1      | Reached XP level 2. HP: 25/25 MP: 3/3
   382 | D:1      | Reached skill level 3 in Axes
  1231 | D:1      | Reached XP level 3. HP: 27/31 MP: 4/4
  1900 | D:2      | Reached ** piety under Lugonu
  1901 | D:2      | Reached skill level 4 in Axes
  2628 | D:3      | Noticed a water moccasin
  2709 | D:3      | Reached XP level 4. HP: 30/37 MP: 5/5
  2860 | D:3      | Killed a water moccasin
  2861 | D:3      | Reached skill level 5 in Axes
  2861 | D:3      | Reached XP level 5. HP: 18/43 MP: 6/6
  4058 | D:3      | Noticed Robin
  4090 | D:2      | Killed Robin
  4339 | D:4      | Reached skill level 6 in Axes
  4444 | D:4      | Found a staircase to the Ecumenical Temple.
  5009 | D:4      | Reached XP level 6. HP: 50/50 MP: 7/7
  5716 | D:4      | Reached *** piety under Lugonu
  5785 | D:5      | Entered Level 5 of the Dungeon
  5795 | D:5      | Noticed a komodo dragon
  6564 | D:5      | Reached skill level 7 in Axes
  6636 | D:5      | Killed a komodo dragon
  6637 | D:5      | Gained mutation: You curl defensively after being hit.
                  | [Palentonga growth]
  6637 | D:5      | Reached XP level 7. HP: 15/55 MP: 7/10
  7441 | D:5      | Reached skill level 8 in Axes
  8460 | D:5      | Reached skill level 5 in Invocations
  8460 | D:5      | Reached XP level 8. HP: 62/62 MP: 11/11
  8586 | D:5      | Found a runed translucent door.
  8587 | D:5      | Noticed Crazy Yiuf
  8734 | D:5      | Found an ancient bone altar of Kikubaaqudgha.
  8737 | D:5      | Found a burning altar of Makhleb.
  8751 | D:5      | Found a snail-covered altar of Cheibriados.
  8754 | D:5      | Found a basalt altar of Yredelemnul.
  9021 | D:5      | Found a hazy altar of Hepliaklqana.
 10048 | D:5      | Reached skill level 9 in Axes
 10187 | D:5      | Reached **** piety under Lugonu
 11120 | D:5      | Killed Crazy Yiuf
 11840 | D:6      | Reached skill level 5 in Fighting
 12477 | D:6      | Gained mutation: You are somewhat resistant to further
                  | mutation. [potion of mutation]
 12478 | D:6      | - hm
 12478 | D:6      | - would be cool if i dont die right now
 12714 | D:6      | Corrupted D:6
 12714 | D:6      | Noticed a large abomination
 12714 | D:6      | Noticed an apocalypse crab
 12714 | D:6      | Noticed a large abomination
 12714 | D:6      | Noticed a small abomination
 12714 | D:6      | Noticed a large abomination
 12714 | D:6      | Noticed a green draconian scorcher
 12714 | D:6      | Noticed a spatial maelstrom
 12714 | D:6      | Noticed a large abomination
 12714 | D:6      | Noticed a starcursed mass
 12715 | D:6      | - ability layout on d and f may be non-optimal
 12718 | D:6      | Noticed a fire crab
 12718 | D:6      | a shapeshifter changed into a fire crab
 12725 | D:6      | Noticed a smoke demon
 12727 | D:6      | Noticed a queen bee
 13181 | D:6      | Found a bloodstained altar of Trog.
 13181 | D:6      | Found an iron altar of Okawaru.
 13218 | D:6      | Found Cufuosk's Book Shoppe.
 13344 | D:7      | Noticed a five-headed hydra
 13563 | D:7      | Reached XP level 9. HP: 66/73 MP: 13/13
 13675 | D:7      | Found a stormy altar of Qazlal.
 13710 | D:7      | Found a radiant altar of Vehumet.
 13742 | D:7      | Noticed a two-headed ogre
 13761 | D:7      | Killed a two-headed ogre
 13762 | D:7      | Reached skill level 10 in Axes
 13802 | D:7      | - well shit
 13806 | D:7      | HP: 5/109 [poisoned by a killer bee]
 13810 | D:7      | HP: 2/109 [poisoned by a killer bee]
 13811 | D:7      | Succumbed to a killer bee's poison

Illustrated notes #>...........)..... ##.###.###....##.... #.....§§............ #...##.§.§§§..##... #.......<.....##.### #..................# #.......§..........#### ........#.##............ ........#.##.............# ........#.##..(..........# ........#.##...D@.......?## ....###.#.#............... ........#.#....####.....# ...######.#....# #.....# ..........#.#### #.....# ...########.#######.....# #.#......# ...........D.# #.#.####.# .........####..O #.#.#....# .........# . #........##.#######.# #........##......<#.## Turn 12478 on D:6: - hm #.###.###....##.... ................... ...##........##... .......<......#.###. ...........#.......# ### .......§..#..#.....###.# ......#.##...#...X.....# ......#.#.....X........# ......#.##.v..X.#....X.# .. ......#.##....b..##..X.#######..# ..###.#.#.......@.o.#(((........# ......#.#.......#x....##.#....#.# .######.#...tx.##.....##.#....# ........#.####b #..q...#.#....# .########.###.###X.X..##.#....# #......##..............#......# #.####.##.........####........# #.#....##.........# ........# .......##.#######.# ......# .......##......<#.## .......##..##......# Turn 12715 on D:6: - ability layout on d and f may be non-optimal

####+##..###+###...#.......
#.##.##..###..#######......
#..............# #......
......#..............#
#......
......##...####'###.##
###......
.......#...####.### #
#........
.......#..........#
#........
.......#..........#
#........
.......#.....##...#
#........
.......#.....##...#
#........
.....).#.....###@##
########.
.............#..y.# #.
....≈§.......#..y.# #.
..§≈≈≈.......#.y..# #.
...._§.......#.(..###+###
#.
....§§..######.......[...
#.
..§.§.≈..................
#.
...............).........
#.
..#............(.........
#.
..#..............>.......
#< #....#####.............
#.


Turn 13802 on D:7: - well shit

Levels and vault maps discovered:
D:1:      scummos_arrival_hexagon, layout_basic, minmay_curled_crystal,
          minmay_hexomino_c4
D:2:      layout_rooms, hellmonk_ecumenical_altar_crossroads
D:3:      layout_basic, fountainhead, uniq_robin
D:4:      layout_loops_ring, minmay_temple_entry_large_hall, st_stairs_4,
          kennysheep_generic_room_9
D:5:      lemuel_castle_with_subvaults [lemuel_castle_interior_carwin_1],
          layout_layer_cave, mainiacjoe_overflow_alcove_4,
          grunt_temple_overflow_cloverleaf, uniq_crazy_yiuf_cottage
D:6:      layout_basic, grunt_temple_overflow_bloody_war, serial_shops,
          shop_fountains
D:7:      layout_gridville, nicolae_qazlal_scattered_showers,
          nicolae_vehumet_altar_sigil

Skill      XL: |  1  2  3  4  5  6  7  8  9 |
---------------+----------------------------+-----
Axes           | 3 4 5 6 7 8 9 10 | 10.8
Invocations    | 4 5 6 |  6.0
Fighting       | 6 |  6.0
Armour         | |  1.5
Dodging        | |  0.7

Action                   |  1- 3 |  4- 6 |  7- 9 || total
-------------------------+-------+-------+-------++-------
Melee: Hand axe          |   135 |   170 |   142 ||   447
       Tailslap          |    10 |    22 |    28 ||    60
       War axe           |       |       |   127 ||   127
       Staff             |       |       |    19 ||    19
Throw: Stone             |     2 |    27 |     8 ||    37
       Dart              |       |    14 |    79 ||    93
Invok: Depart the Abyss  |     1 |       |       ||     1
       Bend Space        |       |     7 |    11 ||    18
       Corrupt           |       |       |     1 ||     1
 Abil: Rolling Charge    |    25 |    26 |    43 ||    94
Evoke: Wand              |       |     5 |     1 ||     6
  Use: Scroll            |     3 |     1 |     6 ||    10
       Potion            |       |       |     5 ||     5
Armor: Leather armour    |    43 |    53 |    78 ||   174
Dodge: Dodged            |    48 |    75 |   131 ||   254
